 Dungeon Crawl Stone Soup version 0.32-a0-953-g508020473e (webtiles) character file.

Game seed: 14423247431761923048

389 holysushi the Shooter (level 6, -1/29 (43) HPs)
             Began as a Coglin Hexslinger on Apr 17, 2024.
             Slain by Edmund
             ... wielding a +1 dire flail of draining
              (4 damage)
             ... on level 4 of the Dungeon.
             The game lasted 00:02:41 (2798 turns).

holysushi the Shooter (Coglin Hexslinger)           Turns: 2798, Time: 00:02:42

HP:   -1/29 (43)    AC:  4    Str:  9    XL:     6   Next: 79%
MP:   1/7           EV: 11    Int: 12    God:
Gold: 178           SH:  0    Dex: 18    Spells: 5/7 levels left

rFire   . . .        a - +1 sling (chaos) {Gilbert}
rCold   . . .        d - -2 sling {Tepiltzin}
rNeg    . . .        c - +0 robe
rPois   .            (no helmet)
rElec   .            (no cloak)
rCorr   .            (no gloves)
SInv    .            q - +1 pair of boots
Will    .....        (amulet unavailable)
Stlth   ++           (ring unavailable)
HPRegen 0.24/turn    (ring unavailable)
MPRegen 0.10/turn    (no gizmo)

%: no passive effects
@: weak-willed, jinxed, very slightly contaminated, very heavily drained, revved
A: off-hand wielding, slow wielding, warmup strikes, no jewellery
a: Invent Gizmo


You were on level 4 of the Dungeon.
You visited 1 branch of the dungeon, and saw 4 of its levels.

You collected 178 gold pieces.

Inventory:

Hand Weapons
 a - a +1 sling of chaos (weapon) {Gilbert}
 d - a -2 sling (offhand) {Tepiltzin}
Armour
 c - a +0 robe (worn)
 q - a +1 pair of boots (worn)
Talismans
 p - a beast talisman
Scrolls
 b - a scroll of poison
 f - 8 scrolls of identify {unknown}
 k - a scroll of vulnerability {unknown}
 m - a scroll of teleportation {unknown}
 n - a scroll of brand weapon
 r - a scroll of noise {unknown}
 t - a scroll of enchant weapon {unknown}
Potions
 e - 4 potions of curing {unknown}
 g - a potion of invisibility {unknown}
 h - a potion of berserk rage {unknown}
 i - a potion of might {unknown}
 j - 2 potions of heal wounds
 l - a potion of brilliance {unknown}
 o - a potion of mutation {unknown}
 s - a potion of lignification {unknown}


   Skills:
 - Level 1.0 Fighting
 + Level 6.4 Ranged Weapons
 - Level 1.7 Dodging
 - Level 1.0 Spellcasting
 - Level 2.6 Hexes
 - Level 0.8 Fire Magic


You had 5 spell levels left.
You knew the following spells:

 Your Spells              Type           Power      Damage    Failure   Level
a - Jinxbite              Hex            14%        N/A       16%         2

Your spell library contained the following spells:

 Spells                   Type           Power      Damage    Failure   Level
 Shock                    Conj/Air       0%         1d3       30%         1
 Sigil of Binding         Hex            7%         N/A       30%         3
 Inner Flame              Hex/Fire       4%         N/A       41%         3
 Swiftness                Air            0%         N/A       65%         3
 Cause Fear               Hex            3%         N/A       69%         4
 Dimensional Bullseye     Hex/Tloc       1%         N/A       86%         4
 Airstrike                Air            0%         2d(0-16)  96%         4


Dungeon Overview and Level Annotations

Branches:
Dungeon (4/15) Zot: 21157  Temple (0/1) D:4

Altars:

Annotations:
D:4 1 runed translucent door, Edmund


Innate Abilities, Weirdness & Mutations

You can wield a second weapon in your off-hand.
It takes a long time for you to wield or remove held weapons.
Your first few attacks do less damage.
You cannot equip rings or amulets.


Message History

You feel drained.
You shoot a sling bullet. The sling bullet barely misses Edmund.
You shoot a sling bullet.
The sling bullet hits Edmund but does no damage.
Edmund suddenly seems more resistant.
Edmund is severely wounded.
A giggling sprite leaps out and smacks Edmund with his own hand.
Edmund is severely wounded.
The jinxing sprites lose interest in you.
Edmund closely misses you.
You shoot a sling bullet. The sling bullet hits Edmund.
Nothing appears to happen.
Edmund is severely wounded.
You shoot a sling bullet.
The sling bullet hits Edmund but does no damage.
Edmund is severely wounded.
Edmund barely misses you.
Casting: Jinxbite (safe; 16% risk of failure)
Confirm with . or Enter, or press ? or * to list all spells.
You miscast Jinxbite.
You are very lightly contaminated with residual magic.
Nothing appears to happen.
Edmund hits you with a +1 dire flail of draining.
You feel drained.
You shoot a sling bullet. The sling bullet hits Edmund!
Edmund blinks!
Edmund is almost dead.
You shoot a sling bullet.
Casting: Jinxbite (safe; 16% risk of failure)
Confirm with . or Enter, or press ? or * to list all spells.
You beckon some vexing sprites to accompany your attacks.
You feel your willpower being sapped.
Edmund seems less drained.
Edmund hits you with a +1 dire flail of draining!
You feel drained.
You shoot a sling bullet. The sling bullet closely misses Edmund.
You shoot a sling bullet. The sling bullet closely misses Edmund.
Edmund hits you with a +1 dire flail of draining!
* * * LOW HITPOINT WARNING * * *
You feel drained.
You die...
Edmund says, "That'll show my brother!"

########## #........#
############........#############
.............#####...............
############............##.####..
#...#...#..#....# #..
#...@@..#.......## #..
#...#.#.#.#.#....# #..
#.......#......#.# #..
###.....#...#....# ##.
#..|...........####.
##.#....#####....##.
..................#†
########...#...#.....
.......#.....


You could see Edmund (resistant).

Vanquished Creatures
  Duvessa (D:4)
  A kobold brigand (D:4)
  Dowan (D:4)
  A jelly (D:4)
  A sleepcap (D:4)
  4 adders
  A white imp (D:3)
  A ribbon worm (D:3)
  6 bats
  7 endoplasms
  3 giant cockroaches
  8 goblins
  9 hobgoblins
  A jackal (D:3)
  5 kobolds
  2 quokkas
  7 ball pythons
  8 frilled lizards
  7 rats
74 creatures vanquished.

Notes
Turn   | Place    | Note
-------+----------+-------------------------------------------
     0 | D:1      | holysushi the Coglin Hexslinger began the quest for the
                  | Orb.
     0 | D:1      | Reached XP level 1. HP: 15/15 MP: 2/2
    15 | D:1      | Reached skill level 2 in Ranged Weapons
    77 | D:1      | Reached XP level 2. HP: 21/21 MP: 3/3
   113 | D:1      | Learned a level 2 spell: Jinxbite
   902 | D:2      | Reached skill level 3 in Ranged Weapons
   934 | D:2      | Reached XP level 3. HP: 26/26 MP: 4/4
  1659 | D:3      | Reached XP level 4. HP: 32/32 MP: 5/5
  1670 | D:3      | Reached skill level 4 in Ranged Weapons
  2267 | D:4      | Reached XP level 5. HP: 29/37 MP: 3/6
  2397 | D:4      | Noticed Duvessa
  2400 | D:4      | Noticed Dowan
  2418 | D:4      | Killed Duvessa
  2419 | D:4      | Reached skill level 5 in Ranged Weapons
  2419 | D:4      | Reached XP level 6. HP: 21/43 MP: 0/7
  2421 | D:4      | Killed Dowan
  2425 | D:4      | Reached skill level 6 in Ranged Weapons
  2662 | D:4      | Found a staircase to the Ecumenical Temple.
  2752 | D:4      | Found a runed translucent door.
  2776 | D:4      | Noticed Edmund
  2798 | D:4      | Slain by Edmund

Illustrated notes

Levels and vault maps discovered:
D:1:      eino_arrival_druids_welcome, layout_basic, minmay_pentomino_w4
D:2:      layout_loops_ring, kennysheep_generic_room_8
D:3:      minmay_inner_zag, layout_basic
D:4:      layout_basic, nicolae_wu_jian_immortal_techniques, demons_altar,
          minmay_temple_entry_statues, hangedman_decor_lopped, st_stairs_13,
          uniq_duvessa, uniq_edmund, uniq_crazy_yiuf_cottage, uniq_eustachio

Skill      XL: |  1  2  3  4  5  6 |
---------------+-------------------+-----
Ranged Weapons | 2 3 4 5 6 |  6.4
Fighting       | |  1.0
Dodging        | |  1.7
Spellcasting   | |  1.0
Hexes          | |  2.6
Fire Magic     | |  0.8

Action                     |  1- 3 |  4- 6 || total
---------------------------+-------+-------++-------
   Fire: Sling             |   200 |   214 ||   414
   Cast: Jinxbite          |     1 |     9 ||    10
    Use: Scroll            |       |     1 ||     1
         Potion            |       |     1 ||     1
 Armour: Robe              |    10 |    28 ||    38
  Dodge: Dodged            |    13 |    36 ||    49

Table legend: (Time is in decaauts)
 A = Elapsed time spent in this place.
 B = Non-inter-level travel time spent in this place.
 C = Inter-level travel time spent in this place.
 D = Time resting spent in this place.
 E = Time spent auto-exploring this place.
 F = Levels seen in this place.
 G = Mean time per level.
                   A        B        C        D        E       F      G
               +--------+--------+--------+--------+--------+-----+--------+
         Total |   2841 |   2635 |    206 |    213 |   1986 |   4 |  710.2 |
       Dungeon |   2841 |   2635 |    206 |    213 |   1986 |   4 |  710.2 |
               +--------+--------+--------+--------+--------+-----+--------+

Top non-repeatable levels by time:
     D:1: 891 daAuts
     D:3: 842 daAuts
     D:2: 654 daAuts
     D:4: 452 daAuts
